 Dungeon Crawl Stone Soup version 0.20.1-1-g8b1a95d (webtiles) character file.

42 vatarom the Gusty (level 3, 0/19 HPs)
             Began as a Tengu Air Elementalist on Sept 6, 2017.
             Killed from afar by Sigmund (7 damage)
             ... with a magic dart
             ... on level 2 of the Dungeon.
             The game lasted 00:06:02 (1478 turns).

vatarom the Gusty (Tengu Air Elementalist)          Turns: 1478, Time: 00:06:03

Health: 0/19       AC:  2    Str:  8    XL:     3   Next: 56%
Magic:  0/7        EV: 12    Int: 16    God:
Gold:   34         SH:  0    Dex: 14    Spells: 0/6 levels left

rFire    . . .     SeeInvis .   (no weapon)
rCold    . . .     Gourm    .   (no shield)
rNeg     . . .     Faith    .   a - +0 robe
rPois    .         Spirit   .   (helmet restricted)
rElec    .         Reflect  .   (no cloak)
rCorr    .         Harm     .   (no gloves)
MR       .....                  (boots unavailable)
Stlth    ++........             (no amulet)
Regen    0.1/turn               (no ring)
MPRegen  0.1/turn               (no ring)

@: no status effects
A: beak, talons 3
a: no special abilities


You were on level 2 of the Dungeon.
You were not hungry.

You visited 1 branch of the dungeon, and saw 2 of its levels.

You collected 34 gold pieces.

Inventory:

Armour
 a - a +0 robe (worn)
Potions
 d - a potion of degeneration {unknown}
 e - a potion of curing {unknown}
 f - a potion of flight {unknown}
 g - a potion of heal wounds {unknown}
 i - a potion of agility {unknown}
Books
 b - a book of Air

   Spells                             Type                      Level
   a - Shock                          Conjuration/Air              1
   b - Swiftness                      Charms/Air                   2
   c - Static Discharge               Conjuration/Air              3
   d - Airstrike                      Air                          4
   e - Lightning Bolt                 Conjuration/Air              5
Comestibles
 c - a bread ration


   Skills:
 - Level 2.1 Dodging
 - Level 2.0 Stealth
 - Level 2.0 Spellcasting
 - Level 1.3 Conjurations
 + Level 5.9 Air Magic


You couldn't memorise any spells.
You knew the following spells:

 Your Spells              Type           Power        Failure   Level  Hunger
a - Shock                 Conj/Air       ##..         4%          1    #......
b - Swiftness             Chrm/Air       ##......     9%          2    ###....
c - Static Discharge      Conj/Air       ##......     14%         3    ###....


Dungeon Overview and Level Annotations

Branches:
Dungeon (2/15)

Altars:

Annotations:
D:2 Sigmund


Innate Abilities, Weirdness & Mutations

You have a beak for a mouth.
You have claws for feet.


Message History

Casting: Static Discharge
Confirm with . or Enter, or press ? or * to list all spells.
Something is struck by lightning.
The lightning arcs!
You are struck by lightning.
The lightning grounds out.
Something barely misses you.
Casting: Static Discharge
Confirm with . or Enter, or press ? or * to list all spells.
You can't see any susceptible monsters within range! (Use Z to cast anyway.) Unknown command.
Casting: Static Discharge
Confirm with . or Enter, or press ? or * to list all spells.
Aiming: Shock
Press: ? - help, Shift-Dir - straight line Something hits you.
Something hits you.
You hit something but do no damage. Your peck misses something.
You hear some strange, mumbled words.
A magic dart appears from out of thin air!
The magic dart hits you!
You die...

#..#. # #.>. .
. #..#.# ..
#..#.#.##
#........
#######........
#..............
##.#####.......
#@# ....... #.#
####### #.# #.#
#.# #.# #.#
#.###.# #...#.#


There were no monsters in sight!

Vanquished Creatures
  An ooze (D:1)
  2 worms
  A dart slug (D:1)
  A leopard gecko (D:1)
  A bat (D:1)
  3 giant cockroaches (D:1)
  3 goblins (D:1)
  4 hobgoblins (D:1)
  3 jackals (D:1)
  A ball python (D:1)
  A frilled lizard (D:1)
  2 kobolds (D:1)
  5 rats (D:1)
28 creatures vanquished.

Vanquished Creatures (others)
  5 toadstools (D:1)
5 creatures vanquished.

Grand Total: 33 creatures vanquished

Notes
Turn   | Place    | Note
-------+----------+-------------------------------------------
     0 | D:1      | vatarom the Tengu Air Elementalist began the quest for the Orb.
     0 | D:1      | Reached XP level 1. HP: 10/10 MP: 4/4
   209 | D:1      | Reached XP level 2. HP: 15/15 MP: 0/6
   381 | D:1      | Reached skill level 5 in Air Magic
   430 | D:1      | Learned a level 2 spell: Swiftness
   625 | D:1      | Reached XP level 3. HP: 19/19 MP: 4/7
   717 | D:1      | Learned a level 3 spell: Static Discharge
  1460 | D:2      | Noticed Sigmund
  1478 | D:2      | Killed from afar by Sigmund

Skill      XL: |  1  2 |
---------------+-------+-----
Air Magic      | 5 |  5.9
Dodging        | |  2.1
Stealth        | |  2.0
Spellcasting   | |  2.0
Conjurations   | |  1.3

Action                   || total
-------------------------++-------
Melee: Unarmed           ||    27
       Kick              ||     6
       Peck              ||     5
 Cast: Shock             ||    56
       Static Discharge  ||     5
  Use: Scroll            ||     3
  Eat: Chunk             ||     2
       Royal jelly       ||     1
Armor: Robe              ||     7
Dodge: Dodged            ||    32
